 Dungeon Crawl Stone Soup version 0.20.1-1-g8b1a95d (webtiles) character file.

32 MovingMist the Skirmisher (level 3, 29/29 HPs)
             Began as a Demonspawn Fighter on Nov 11, 2017.
             Quit the game on level 1 of the Dungeon.
             The game lasted 00:04:05 (653 turns).

MovingMist the Skirmisher (Demonspawn Fighter)       Turns: 653, Time: 00:04:06

Health: 29/29      AC:  7    Str: 17    XL:     3   Next: 10%
Magic:  3/3        EV:  7    Int:  9    God:
Gold:   44         SH:  8    Dex: 12    Spells: 2/2 levels left

rFire    . . .     SeeInvis .   j - +0 hand axe (venom)
rCold    . . .     Gourm    .   c - +0 shield
rNeg     . . .     Faith    .   b - +0 scale mail
rPois    .         Spirit   +   (no helmet)
rElec    .         Reflect  .   (no cloak)
rCorr    .         Harm     .   k - +0 pair of gloves {archery}
MR       .....                  (no boots)
Stlth    ..........             (no amulet)
Regen    0.1/turn               (no ring)
MPRegen  0.1/turn               (no ring)

@: no status effects
A: demonic guardian 1, magic shield
a: no special abilities


You were on level 1 of the Dungeon.
You were not hungry.

You visited 1 branch of the dungeon, and saw 1 of its levels.

You collected 44 gold pieces.

Inventory:

Hand Weapons
 j - a +0 hand axe of venom (weapon)
Armour
 b - a +0 scale mail (worn)
 c - a +0 shield (worn)
 k - a +0 pair of gloves of archery (worn)
Scrolls
 a - a scroll of immolation {unknown}
Potions
 d - a potion of might
 e - a potion of agility {unknown}
 g - a potion of magic {unknown}
 h - a potion of heal wounds {unknown}
Comestibles
 f - a bread ration
 i - 9 chunks of flesh


   Skills:
 + Level 3.3 Fighting
 + Level 2.0 Axes
 + Level 3.0 Armour
 * Level 1.5 Dodging
 - Level 2.6 Shields


You had 2 spell levels left.
You didn't know any spells.

Dungeon Overview and Level Annotations

Branches:
Dungeon (1/15)

Altars:


Innate Abilities, Weirdness & Mutations

A weak demonic guardian rushes to your aid.
When hurt, damage is shared between your health and your magic reserves.


Message History

A goblin comes into view. It is wielding a club.
You block the goblin's attack.
You barely miss the goblin. The goblin hits you but does no damage.
You miss the goblin. The goblin hits you but does no damage.
You closely miss the goblin. The goblin barely misses you.
You hit the goblin.
You kill the goblin!
You see here a club.
Done exploring.
Quiver which item? (- for none, * to show all) (? for menu, Esc to quit)
Okay, then.
Unknown command.
Quiver which item? (- for none, * to show all) (? for menu, Esc to quit)
You don't have any such object.
Quiver which item? (- for none, * to show all) (? for menu, Esc to quit)
Okay, then.
Quiver which item? (- for none, * to show all) (? for menu, Esc to quit)
Okay, then.
Okay, then.
Are you sure you want to abandon this character and quit the game? (Confirm with "yes".)

#.# #..........# #.......# #.#
#..........# ######.>#### #.#
#######.#### #...##..#
#.#########.# #...##..#
#)#.......#.# #...##..#
#.#.......#.# #...##..#
..#.......#.######...##..#
..#..................##..########
..#.............@.)........(....#
..#................############.#
..............................#.#
..#.......##..................#.#
..#.......##.###############..#.#
..#.......##.# #..........#.#
..#...(...##.#######.#######.##.#
..##########.....)...#.......##.#
### ###########.########.#


There were no monsters in sight!

Vanquished Creatures
  4 dart slugs (D:1)
  3 giant cockroaches (D:1)
  5 goblins (D:1)
  4 jackals (D:1)
  A bat (D:1)
  A frilled lizard (D:1)
  A kobold (D:1)
  4 rats (D:1)
23 creatures vanquished.

Notes
Turn   | Place    | Note
-------+----------+-------------------------------------------
     0 | D:1      | MovingMist the Demonspawn Fighter began the quest for the Orb.
     0 | D:1      | Reached XP level 1. HP: 18/18 MP: 1/1
    88 | D:1      | Reached skill level 1 in Dodging
   140 | D:1      | Gained mutation: A weak demonic guardian rushes to your aid. [demonic ancestry]
   140 | D:1      | Reached XP level 2. HP: 19/24 MP: 2/2
   547 | D:1      | Gained mutation: When hurt, damage is shared between your health and your magic reserves. [demonic ancestry]
   547 | D:1      | Reached XP level 3. HP: 26/29 MP: 3/3
   653 | D:1      | Quit the game

Skill      XL: |  1  2 |
---------------+-------+-----
Dodging        | 1 |  1.5
Axes           | 2 |  2.0
Armour         | 3 |  3.0
Fighting       | |  3.3
Shields        | |  2.6

Action                   || total
-------------------------++-------
Melee: War axe           ||    40
       Hand axe          ||    27
Armor: Scale mail        ||    40
Dodge: Dodged            ||    17
Block: Shield            ||    32
